 Dungeon Crawl Stone Soup version 0.22-a0-135-g6f012ad (webtiles) character file.

100 Azzok the Vexing (level 4, -10/24 HPs)
             Began as a Deep Elf Enchanter on Feb 1, 2018.
             Mangled by tof's ghost (13 damage)
             ... on level 3 of the Dungeon.
             The game lasted 00:05:29 (2335 turns).

Azzok the Vexing (Deep Elf Enchanter)               Turns: 2335, Time: 00:05:30

Health: -10/24     AC:  3    Str:  5    XL:     4   Next: 46%
Magic:  5/10       EV: 13    Int: 21    God:
Gold:   112        SH:  0    Dex: 15    Spells: 3/9 levels left

rFire    . . .     SeeInvis .   a - +1 dagger
rCold    . . .     Gourm    .   (no shield)
rNeg     . . .     Faith    .   l - +0 robe (curse)
rPois    .         Spirit   .   q - +0 helmet
rElec    .         Reflect  .   (no cloak)
rCorr    .         Harm     .   (no gloves)
MR       .....                  (no boots)
Stlth    +++.......             o - amulet of regeneration
HPRegen  0.48/turn              m - ring of wizardry
MPRegen  0.12/turn              (no ring)

@: no status effects
A: no striking features
a: no special abilities


You were on level 3 of the Dungeon.
You were hungry.

You visited 1 branch of the dungeon, and saw 3 of its levels.

You collected 112 gold pieces.

Inventory:

Hand Weapons
 a - a +1 dagger (weapon)
Armour
 l - a cursed +0 robe (worn)
 q - a +0 helmet (worn)
Jewellery
 m - a ring of wizardry (left hand)
 o - an amulet of regeneration (around neck)
Scrolls
 b - a scroll of fog {unknown}
 f - a scroll of blinking {unknown}
 g - a scroll of teleportation {unknown}
 n - a scroll of amnesia {unknown}
 p - 3 scrolls of identify {unknown}
Potions
 e - 2 potions of curing {unknown}
 i - a potion of invisibility {unknown}
 j - a potion of degeneration {unknown}
 k - a potion of lignification {unknown}
Books
 c - a book of Maledictions

   Spells                             Type                      Level
   a - Corona                         Hexes                        1
   b - Ensorcelled Hibernation        Hexes/Ice                    2
   c - Confuse                        Hexes                        3
   d - Tukima's Dance                 Hexes                        3
   e - Dazzling Spray                 Conjuration/Hexes            3
Comestibles
 d - 4 rations
 h - a chunk of flesh


   Skills:
 * Level 3.1 Short Blades
 - Level 2.4 Dodging
 + Level 4.6 Stealth
 - Level 3.0 Spellcasting
 + Level 4.9 Hexes


You had 3 spell levels left.
You knew the following spells:

 Your Spells              Type           Power        Failure   Level  Hunger
a - Corona                Hex            ###....      1%          1    None
b - Ensorcelled Hibernat  Hex/Ice        ##....       3%          2    ##.....
c - Confuse               Hex            ###.....     2%          3    ###....


Dungeon Overview and Level Annotations

Branches:
Dungeon (3/15)

Altars:

Annotations:
D:3 tof's ghost, amateur MiFi


Message History

You hit tof's ghost.
Tof's ghost is moderately damaged.
Tof's ghost hits you!
You hit tof's ghost but do no damage.
Tof's ghost is moderately damaged.
You catch the helpless tof's ghost completely off-guard!
You puncture tof's ghost!
Tof's ghost is severely damaged.
You hit tof's ghost but do no damage.
Tof's ghost is severely damaged.
You hit tof's ghost.
Tof's ghost is severely damaged.
Tof's ghost seems less confused.
Tof's ghost hits you!
Ouch! That really hurt!
* * * LOW HITPOINT WARNING * * *
You hit tof's ghost.
Tof's ghost is severely damaged.
Tof's ghost hits you!
Ouch! That really hurt!
You die...

h·▒▒▒·▒▒·▒▒▒ ▒
··h······▒ ·▒
▒▒▒▒··▒·▒·▒▒▒▒·▒
▒····)K·▒·▒▒···
▒·▒▒▒)·(▒·▒▒·▒▒▒▒▒▒
▒········(······W·▒
▒▒▒·▒···▒(▒▒·▒▒▒▒·▒▒▒▒
▒·▒···▒······▒··W··▒
▒·▒·▒·▒▒·W@··▒··▒▒·▒
▒·▒·▒>▒▒·····▒··▒▒)▒
▒·▒··········▒··▒▒·▒
▒·▒·▒▒▒'▒▒'▒·▒··▒▒·▒
▒·▒▒▒▒·······▒··▒··▒
▒[···'····▒▒▒▒··▒·▒▒
▒▒▒▒▒··········▒·▒
▒)····▒▒▒▒·▒·▒ ▒·····▒
▒·▒·▒


You could see tof's ghost and a kobold (wandering).

Vanquished Creatures
  Natasha (D:3)
  2 adders (D:3)
  An ooze (D:1)
  A leopard gecko (D:1)
  4 orcs (D:3)
  5 bats (D:1)
  A giant cockroach (D:2)
  6 goblins
  4 hobgoblins
  2 jackals (D:3)
  A quokka (D:2)
  13 frilled lizards
  2 kobolds
  8 rats
51 creatures vanquished.

Notes
Turn   | Place    | Note
-------+----------+-------------------------------------------
     0 | D:1      | Azzok the Deep Elf Enchanter began the quest for the Orb.
     0 | D:1      | Reached XP level 1. HP: 10/10 MP: 6/6
   475 | D:1      | Reached XP level 2. HP: 12/15 MP: 6/8
   479 | D:1      | Learned a level 2 spell: Ensorcelled Hibernation
   953 | D:1      | Reached XP level 3. HP: 10/19 MP: 0/9
  1977 | D:2      | Learned a level 3 spell: Confuse
  2157 | D:3      | Noticed tof's ghost (amateur MiFi)
  2171 | D:3      | Noticed Natasha
  2174 | D:3      | Killed Natasha
  2174 | D:3      | Reached XP level 4. HP: 24/24 MP: 10/10
  2335 | D:3      | Mangled by tof's ghost

Vault maps used:
D:1:      dpeg_arrival_rhombi, minmay_lizard_pond
D:3:      uniq_natasha

Skill      XL: |  1  2  3 |
---------------+----------+-----
Short Blades   | 2 3 |  3.1
Stealth        | 4 |  4.6
Dodging        | |  2.4
Spellcasting   | |  3.0
Hexes          | |  4.9

Action                   |  1- 3 |  4- 6 || total
-------------------------+-------+-------++-------
Melee: Dagger            |    98 |    19 ||   117
 Cast: Corona            |    10 |       ||    10
       Ensorcelled Hiber |    20 |     6 ||    26
       Confuse           |       |     2 ||     2
 Stab: Sleeping          |    24 |     7 ||    31
       Confused          |       |     2 ||     2
  Eat: Chunk             |     5 |       ||     5
Armor: Robe              |    17 |       ||    17
Dodge: Dodged            |    53 |     5 ||    58

Table legend:
 A = Spawn XP
 B = Non-spawn XP
 C = Spawn XP percentage of total XP
 D = Spawn monster count
 E = Non-spawn monster count
 F = Spawn count percentage of total count
 G = Total turns spent on level
                    A         B        C        D         E        F      G
               +---------+---------+-------+---------+---------+-------+---------
         Total |       0 |     143 |   0.0 |       0 |      51 |   0.0 |  2335
               +---------+---------+-------+---------+---------+-------+---------
           D:1 |       0 |      44 |   0.0 |       0 |      27 |   0.0 |  1337
           D:2 |       0 |      16 |   0.0 |       0 |      11 |   0.0 |   712
           D:3 |       0 |      83 |   0.0 |       0 |      13 |   0.0 |   286
               +---------+---------+-------+---------+---------+-------+---------
